 Dungeon Crawl Stone Soup version 0.19.5 (webtiles) character file.

105 Firecrotchwizard the Cudgeler (level 4, 0/49 HPs)
             Began as an Ogre Berserker on Mar 21, 2017.
             Was a Believer of Trog.
             Slain by Grinder (1 damage)
             ... on level 3 of the Dungeon.
             The game lasted 00:04:19 (1541 turns).

Firecrotchwizard the Cudgeler (Ogre Berserker)      Turns: 1541, Time: 00:04:20

Health: 0/49       AC:  3    Str: 22    XL:     4   Next: 83%
Magic:  0/4        EV: 10    Int:  6    God:    Trog [**....]
Gold:   170        SH:  0    Dex: 10    Spells: 0 memorised, 3 levels left

rFire  . . .     SeeInvis .     a - +0 mace
rCold  . . .     Gourm    .     b - +0 animal skin
rNeg   . . .     Faith    .     (no shield)
rPois  .         Spirit   +     (helmet restricted)
rElec  .         Reflect  .     (no cloak)
rCorr  .         Harm     .     (gloves unavailable)
MR     ++...                    (boots unavailable)
Stlth  +.........               f - amulet of guardian spirit
                                (no ring)
                                (no ring)

@: regenerating, heavily drained
A: unfitting armour, tough skin 1
a: Berserk, Trog's Hand, Burn Spellbooks, Renounce Religion


You were on level 3 of the Dungeon.
You worshipped Trog.
Trog was pleased with you.
You were not hungry.

You visited 1 branch of the dungeon, and saw 3 of its levels.

You collected 170 gold pieces.

Inventory:

Hand Weapons
 a - a +0 mace (weapon)
Armour
 b - a +0 animal skin (worn)
Jewellery
 f - an amulet of guardian spirit (around neck)
 p - an uncursed amulet of harm
Scrolls
 d - 3 scrolls of identify {unknown}
 g - a scroll of random uselessness {unknown}
 h - 2 scrolls of remove curse {unknown}
 i - 4 scrolls of magic mapping {unknown}
 k - 2 scrolls of enchant weapon {unknown}
 l - a scroll of immolation {unknown}
 m - 2 scrolls of blinking {unknown}
 q - a scroll of fog {unknown}
 r - a scroll of teleportation {unknown}
Potions
 e - 3 potions of invisibility {unknown}
 j - a potion of brilliance {unknown}
 o - 2 potions of curing {unknown}
Comestibles
 c - 2 bread rations
 n - 5 chunks of flesh
 s - a beef jerky


   Skills:
 + Level 4.7(3.4) Fighting
 * Level 6.4(5.1) Maces & Flails
 + Level 2.8(1.6) Dodging
 - Level 0.1(0.0) Stealth


You had 3 spell levels left.
You didn't know any spells.

Dungeon Overview and Level Annotations

Branches:
Dungeon (3/15)

Altars:

Annotations:
D:3 Grinder


Innate Abilities, Weirdness & Mutations

You are too large for most types of armour.
You have tough skin. (AC +1)


Message History

You closely miss Grinder.
Grinder is moderately wounded.
Grinder hits you!
You writhe in agony.
* * * LOW HITPOINT WARNING * * *
The rat bites you.
* * * LOW HITPOINT WARNING * * *
Grinder gestures at you. You resist with almost no effort.
You hit Grinder.
Grinder is moderately wounded.
The rat barely misses you. Grinder hits you.
* * * LOW HITPOINT WARNING * * *
You writhe in agony.
* * * LOW HITPOINT WARNING * * *
You hit Grinder but do no damage.
Grinder is moderately wounded.
The rat bites you but does no damage. Grinder hits you!
* * * LOW HITPOINT WARNING * * *
You writhe in agony.
You die...

# ##.##...# #. ....#...#
#.###..#.... ###
###.###..###(# ... ####
#.....#..###.# ... ..#
#...)...(..# #.##.##.#
#.#.#..#####
.....#.####.#......#
#.#..r@5...#.#.#.##
#.#...#.######.#.#.#
........###........###
#.##.#......##.......####
# #......##........)..
#..........#........
#......###.#.#......
#............#..####
##########......#


You could see Grinder and a rat.

Vanquished Creatures
  Jessica (D:3)
  An adder (D:2)
  3 oozes
  2 worms (D:2)
  3 dart slugs
  2 leopard geckos
  An orc (D:3)
  4 giant cockroaches
  6 goblins
  A hobgoblin (D:1)
  3 kobolds
  6 bats
  3 frilled lizards
  10 rats
46 creatures vanquished.

Notes
Turn   | Place    | Note
-------+----------+-------------------------------------------
     0 | D:1      | Firecrotchwizard the Ogre Berserker began the quest for the Orb.
     0 | D:1      | Reached XP level 1. HP: 24/24 MP: 1/1
   118 | D:1      | Reached XP level 2. HP: 30/32 MP: 2/2
   274 | D:1      | Reached XP level 3. HP: 37/40 MP: 3/3
   316 | D:1      | Reached skill level 5 in Maces & Flails
   727 | D:2      | Reached ** piety under Trog
  1088 | D:2      | Reached XP level 4. HP: 47/49 MP: 4/4
  1290 | D:3      | Noticed Jessica
  1304 | D:3      | Killed Jessica
  1304 | D:3      | Reached skill level 6 in Maces & Flails
  1531 | D:3      | Noticed Grinder
  1541 | D:3      | HP: 1/49 [Grinder (9)]
  1541 | D:3      | Slain by Grinder

Skill      XL: |  1  2  3  4 |
---------------+-------------+-----
Maces & Flails | 5 6 |  6.4
Fighting       | |  4.7
Dodging        | |  2.8
Stealth        | |  0.1

Action                   |  1- 3 |  4- 6 || total
-------------------------+-------+-------++-------
Melee: Mace              |    77 |    56 ||   133
Invok: Trog's Hand       |       |     2 ||     2
  Eat: Chunk             |     1 |     2 ||     3
Armor: Animal skin       |    26 |    19 ||    45
Dodge: Dodged            |    42 |    36 ||    78
